APPY
BLUEFIELD GRAYS @ JOHNSON CITY SOILDERS
06/17/1982
 
TOP OF THE 1ST
Bluefield Grays batting - Pitching for Johnson City Soilders : RHP Joel Davis
Pitching: RHP Joel Davis
Batting: RHB Felix Fermin 0-0: Swinging Strike
0-1: Fly out, F4 (Popup, 34S, EV 75.6 MPH)
Batting: SHB Casey Candaele 0-0: Foul Ball, location: 2F
0-1: Ball
1-1: Ball
2-1: Bunted foul
2-2: Ball
3-2: SINGLE (Groundball, 4S, EV 62.5 MPH) (infield hit)
Batting: RHB Charlie Hayes 0-0: Called Strike
0-1: Ball
1-1: Ball
2-1: Ball
3-1: Foul Ball, location: 2F
3-2: Foul Ball, location: 2F
3-2: Fly out, F4 (Popup, 4M, EV 51.9 MPH)
Batting: RHB Richard Diaz 0-0: Called Strike
0-1: Ball
1-1: Ball
2-1: Swinging Strike
2-2: Strikes out swinging
Top of the 1st over - 0 runs, 1 hit, 0 errors, 1 left on base; Bluefield 0 - Johnson City 0
BOTTOM OF THE 1ST
Johnson City Soilders batting - Pitching for Bluefield Grays : RHP Danny Clay
Pitching: RHP Danny Clay
Batting: RHB Rich Amaral 0-0: Ball
1-0: Swinging Strike
1-1: Fly out, F7 (Flyball, 7S, EV 67.5 MPH)
Batting: RHB Alejandro Sanchez 0-0: Ball
1-0: Swinging Strike
1-1: Ball
2-1: Swinging Strike
2-2: Foul Ball, location: 2F
2-2: Strikes out swinging
Batting: RHB Keith Mucha 0-0: Swinging Strike
0-1: Called Strike
0-2: Ground out 5-3 (Groundball, 56, EV 84.4 MPH)
Bottom of the 1st over - 0 runs, 0 hits, 0 errors, 0 left on base; Bluefield 0 - Johnson City 0
TOP OF THE 2ND
Bluefield Grays batting - Pitching for Johnson City Soilders : RHP Joel Davis
Batting: RHB David Martinez 0-0: Called Strike
0-1: Swinging Strike
0-2: Foul Ball, location: 2F
0-2: Strikes out swinging
Batting: LHB David Price 0-0: Called Strike
0-1: Swinging Strike
0-2: Ball
1-2: Ball
2-2: Ball
3-2: Foul Ball, location: 2F
3-2: Foul Ball, location: 2F
3-2: Strikes out looking
Batting: RHB Sam Haley 0-0: Swinging Strike
0-1: Swinging Strike
0-2: Foul Ball, location: 2F
0-2: Ball
1-2: Strikes out looking
Top of the 2nd over - 0 runs, 0 hits, 0 errors, 0 left on base; Bluefield 0 - Johnson City 0
BOTTOM OF THE 2ND
Johnson City Soilders batting - Pitching for Bluefield Grays : RHP Danny Clay
Batting: SHB Jeff Trout 0-0: Ball
1-0: Ground out 6-3 (Groundball, 6, EV 85.0 MPH)
Batting: RHB Willie Lopez 0-0: SINGLE (Groundball, 34D, EV 102.5 MPH)
Batting: RHB Juan Pacho 0-0: Called Strike
0-1: Ball
1-1: Ball
2-1: Fielders Choice at 2nd, 4-6 (Groundball, 34, EV 108.1 MPH)
Batting: RHB Victor Gonzalez 0-0: Ball
1-0: DOUBLE (Line Drive, 8LD, EV 105.0 MPH)
Juan Pacho to third
Runner from 3rd tries for Home, SAFE, throw by CF to home
Batting: RHB Eugene Steinbach 0-0: Foul Ball, location: 2F
0-1: Fly out, F5 (Line Drive, 5, EV 75.6 MPH)
Bottom of the 2nd over - 1 run, 2 hits, 0 errors, 1 left on base; Bluefield 0 - Johnson City 1
TOP OF THE 3RD
Bluefield Grays batting - Pitching for Johnson City Soilders : RHP Joel Davis
Batting: SHB Chris Maloney 0-0: Swinging Strike
0-1: Swinging Strike
0-2: Ball
1-2: SINGLE (Flyball, 89S, EV 88.1 MPH)
Batting: SHB Alex Garcia 0-0: DOUBLE (Flyball, 8RD, EV 91.3 MPH)
Chris Maloney to third
Runner from 3rd tries for Home, SAFE, no throw by CF
Batting: RHB Felix Fermin 0-0: Reached on error, E6 (Groundball, 6, EV 95.0 MPH)
Alex Garcia to third
Batting: SHB Casey Candaele 0-0: Ball
1-0: Fly out, F2 (Popup, 25F, EV 91.3 MPH)
Batting: RHB Charlie Hayes 0-0: Called Strike
0-1: Foul Ball, location: 2F
0-2: Foul Ball, location: 2F
0-2: Ball
1-2: Foul Ball, location: 2F
1-2: Ball
2-2: Fly out, F8 (Flyball, 89M, EV 91.9 MPH)
Runner from 3rd tags up, SCORES, no throw by CF
Batting: RHB Richard Diaz 0-0: Ball
1-0: Foul Ball, location: 2F
1-1: Ball
2-1: Fly out, F9 (Line Drive, 9, EV 98.1 MPH)
Top of the 3rd over - 2 runs, 2 hits, 1 error, 1 left on base; Bluefield 2 - Johnson City 1
BOTTOM OF THE 3RD
Johnson City Soilders batting - Pitching for Bluefield Grays : RHP Danny Clay
Batting: SHB Victor Hernandez 0-0: Ball
1-0: Fly out, F3 (Popup, 3SF, EV 77.5 MPH)
Batting: RHB Rich Amaral 0-0: Called Strike
0-1: Foul Ball, location: 2F
0-2: Foul Ball, location: 2F
0-2: Fly out, F4 (Line Drive, 4, EV 71.3 MPH)
Batting: RHB Alejandro Sanchez 0-0: Ball
1-0: Called Strike
1-1: Ball
2-1: Ground out 5-3 (Groundball, 5L, EV 81.9 MPH)
Bottom of the 3rd over - 0 runs, 0 hits, 0 errors, 0 left on base; Bluefield 2 - Johnson City 1
TOP OF THE 4TH
Bluefield Grays batting - Pitching for Johnson City Soilders : RHP Joel Davis
Batting: RHB David Martinez 0-0: Ball
1-0: Ball
2-0: Foul Ball, location: 2F
2-1: Ball
3-1: Foul Ball, location: 2F
3-2: Foul Ball, location: 2F
3-2: Fly out, F9 (Flyball, 89XD, EV 94.4 MPH)
Batting: LHB David Price 0-0: Called Strike
0-1: Ball
1-1: Swinging Strike
1-2: Ground out 6-3 (Groundball, 6S, EV 65.0 MPH)
Batting: RHB Sam Haley 0-0: Ball
1-0: Called Strike
1-1: Ball
2-1: Called Strike
2-2: Ball
3-2: SINGLE (Groundball, 6D, EV 98.1 MPH)
Batting: SHB Chris Maloney 0-0: Called Strike
Sam Haley steals 2nd, throwing error, E2
Sam Haley to third
0-1: Ball
1-1: Ball
2-1: Fly out, F8 (Line Drive, 8LD, EV 96.9 MPH)
Top of the 4th over - 0 runs, 1 hit, 1 error, 1 left on base; Bluefield 2 - Johnson City 1
BOTTOM OF THE 4TH
Johnson City Soilders batting - Pitching for Bluefield Grays : RHP Danny Clay
Batting: RHB Keith Mucha 0-0: Called Strike
0-1: Ball
1-1: Foul Ball, location: 2F
1-2: Ball
2-2: Fly out, F9 (Flyball, 89M, EV 78.8 MPH)
Batting: SHB Jeff Trout 0-0: Foul Ball, location: 2F
0-1: Foul Ball, location: 2F
0-2: Ball
1-2: Foul Ball, location: 2F
1-2: Ball
2-2: Ground out 4-3 (Groundball, 4MS, EV 80.0 MPH)
Batting: RHB Willie Lopez 0-0: Ball
1-0: Ground out 5-3 (Groundball, 56S, EV 85.0 MPH)
Bottom of the 4th over - 0 runs, 0 hits, 0 errors, 0 left on base; Bluefield 2 - Johnson City 1
TOP OF THE 5TH
Bluefield Grays batting - Pitching for Johnson City Soilders : RHP Joel Davis
Batting: SHB Alex Garcia 0-0: Ball
1-0: Fly out, F9 (Flyball, 89D, EV 103.1 MPH)
Batting: RHB Felix Fermin 0-0: Foul Ball, location: 2F
0-1: Ground out 3-1 (Groundball, 34, EV 97.5 MPH)
Batting: SHB Casey Candaele 0-0: Fly out, F5 (Flyball, 5D, EV 70.6 MPH)
Top of the 5th over - 0 runs, 0 hits, 0 errors, 0 left on base; Bluefield 2 - Johnson City 1
BOTTOM OF THE 5TH
Johnson City Soilders batting - Pitching for Bluefield Grays : RHP Danny Clay
Batting: RHB Juan Pacho 0-0: Ground out 4-3 (Groundball, 4S, EV 90.0 MPH)
Batting: RHB Victor Gonzalez 0-0: SINGLE (Line Drive, 5D, EV 107.5 MPH)
Batting: RHB Eugene Steinbach 0-0: Called Strike
0-1: Ball
1-1: Ball
2-1: Called Strike
2-2: Foul Ball, location: 2F
2-2: Strikes out swinging
Batting: SHB Victor Hernandez 0-0: Ground out U3 (Groundball, 3L, EV 105.6 MPH)
Bottom of the 5th over - 0 runs, 1 hit, 0 errors, 1 left on base; Bluefield 2 - Johnson City 1
TOP OF THE 6TH
Bluefield Grays batting - Pitching for Johnson City Soilders : RHP Joel Davis
Batting: RHB Charlie Hayes 0-0: Ball
1-0: Ball
2-0: Ground out 6-3 (Groundball, 6, EV 90.6 MPH)
Batting: RHB Richard Diaz 0-0: Swinging Strike
0-1: Ball
1-1: Swinging Strike
1-2: Ball
2-2: Ground out 5-3 (Groundball, 56, EV 88.8 MPH)
Batting: RHB David Martinez 0-0: Ball
1-0: Ball
2-0: Ball
3-0: Base on Balls
Batting: LHB David Price 0-0: Fly out, F8 (Flyball, 8LM, EV 93.8 MPH)
Top of the 6th over - 0 runs, 0 hits, 0 errors, 1 left on base; Bluefield 2 - Johnson City 1
BOTTOM OF THE 6TH
Johnson City Soilders batting - Pitching for Bluefield Grays : RHP Danny Clay
Batting: RHB Rich Amaral 0-0: Ball
1-0: Ball
2-0: Foul Ball, location: 2F
2-1: DOUBLE (Line Drive, 89D, EV 105.6 MPH)
Batting: RHB Alejandro Sanchez 0-0: Ball
1-0: Bunted foul
1-1: Bunt - Flyout to 13! F1
Batting: RHB Keith Mucha 0-0: Ball
1-0: Foul Ball, location: 2F
1-1: Ground out U3 (Groundball, 3, EV 103.8 MPH)
Rich Amaral to third
Pitching: RHP Salvador Santiago
Batting: SHB Jeff Trout 0-0: Ball
1-0: Foul Ball, location: 2F
1-1: Foul Ball, location: 2F
1-2: Ball
2-2: Foul Ball, location: 2F
2-2: Ball
3-2: Foul Ball, location: 2F
3-2: Base on Balls
Batting: RHB Willie Lopez 0-0: Ball
1-0: Swinging Strike
1-1: Hit by Pitch
Jeff Trout to second
Batting: RHB Juan Pacho 0-0: Foul Ball, location: 2F
0-1: Ball
1-1: Fly out, F9 (Flyball, 9, EV 74.4 MPH)
Bottom of the 6th over - 0 runs, 1 hit, 0 errors, 3 left on base; Bluefield 2 - Johnson City 1
TOP OF THE 7TH
Bluefield Grays batting - Pitching for Johnson City Soilders : RHP Joel Davis
Batting: RHB Sam Haley 0-0: Called Strike
0-1: Ball
1-1: Foul Ball, location: 2F
1-2: Foul Ball, location: 2F
1-2: Foul Ball, location: 2F
1-2: Ball
2-2: Ball
3-2: Base on Balls
Batting: SHB Chris Maloney 0-0: Ball
Sam Haley steals 2nd, throwing error, E2
Sam Haley to third
1-0: Intentional Walk
Batting: SHB Alex Garcia 0-0: Fielders Choice at 2nd, 2-6 (Groundball, 13S, EV 68.1 MPH)
Batting: RHB Felix Fermin 0-0: Ball
Alex Garcia is caught stealing 2nd base 2-4
1-0: Foul Ball, location: 2F
1-1: Foul Ball, location: 2F
1-2: Ground out 1-3 (Groundball, 13S, EV 68.8 MPH)
Top of the 7th over - 0 runs, 0 hits, 1 error, 1 left on base; Bluefield 2 - Johnson City 1
BOTTOM OF THE 7TH
Johnson City Soilders batting - Pitching for Bluefield Grays : RHP Salvador Santiago
Batting: RHB Victor Gonzalez 0-0: Foul Ball, location: 2F
0-1: Fly out, F8 (Flyball, 89D, EV 96.9 MPH)
Batting: RHB Eugene Steinbach 0-0: Called Strike
0-1: Fly out, F4 (Popup, 34D, EV 56.9 MPH)
Batting: SHB Victor Hernandez 0-0: Fly out, F7 (Flyball, 7, EV 96.3 MPH)
Bottom of the 7th over - 0 runs, 0 hits, 0 errors, 0 left on base; Bluefield 2 - Johnson City 1
TOP OF THE 8TH
Bluefield Grays batting - Pitching for Johnson City Soilders : RHP Joel Davis
Batting: SHB Casey Candaele 0-0: SINGLE (Line Drive, 8LS, EV 88.1 MPH)
Batting: RHB Charlie Hayes 0-0: Foul Ball, location: 2F
0-1: Swinging Strike
0-2: Ball
1-2: Strikes out swinging
Batting: RHB Richard Diaz 0-0: Ball
1-0: Ball
2-0: Foul Ball, location: 2F
2-1: Ball
3-1: Base on Balls
Casey Candaele to second
Batting: RHB David Martinez 0-0: Called Strike
0-1: Ball
1-1: Ball
2-1: Foul Ball, location: 2F
2-2: SINGLE (Groundball, 56D, EV 96.3 MPH)
Casey Candaele to third
Richard Diaz to second
Runner from 3rd tries for Home, SAFE, throw by LF to home
Batting: LHB David Price 0-0: Called Strike
Richard Diaz steals 3rd base
0-1: Fly out, F7 (Flyball, 78M, EV 88.1 MPH)
Runner from 3rd tags up, SCORES, throw by LF
Batting: RHB Sam Haley 0-0: Ball
1-0: Foul Ball, location: 2F
1-1: SINGLE (Line Drive, 89S, EV 112.5 MPH)
David Martinez to second
Runner from 2nd tries for 3rd, OUT! 8-5
Top of the 8th over - 2 runs, 3 hits, 0 errors, 1 left on base; Bluefield 4 - Johnson City 1
BOTTOM OF THE 8TH
Johnson City Soilders batting - Pitching for Bluefield Grays : RHP Salvador Santiago
Now at 3B: Steven Wolff
Batting: RHB Rich Amaral 0-0: Ball
1-0: Ball
2-0: Ball
3-0: Called Strike
3-1: Foul Ball, location: 2F
3-2: Base on Balls
Batting: RHB Alejandro Sanchez 0-0: Ground out 6-3 (Groundball, 6MD, EV 109.4 MPH)
Rich Amaral to second
Batting: RHB Keith Mucha 0-0: Ball
1-0: Called Strike
1-1: Called Strike
1-2: Strikes out swinging
Batting: SHB Jeff Trout 0-0: Ground out 4-3 (Groundball, 34, EV 96.9 MPH)
Bottom of the 8th over - 0 runs, 0 hits, 0 errors, 1 left on base; Bluefield 4 - Johnson City 1
TOP OF THE 9TH
Bluefield Grays batting - Pitching for Johnson City Soilders : RHP Joel Davis
Batting: SHB Chris Maloney 0-0: Swinging Strike
0-1: Foul Ball, location: 2F
0-2: Fly out, F8 (Flyball, 8LS, EV 93.8 MPH)
Batting: SHB Alex Garcia 0-0: Swinging Strike
0-1: Ball
1-1: Fly out, F8 (Flyball, 89XD, EV 91.3 MPH)
Batting: RHB Felix Fermin 0-0: Foul Ball, location: 2F
0-1: Foul Ball, location: 2F
0-2: Ball
1-2: Ball
2-2: Ball
3-2: Foul Ball, location: 2F
3-2: Strikes out looking
Top of the 9th over - 0 runs, 0 hits, 0 errors, 0 left on base; Bluefield 4 - Johnson City 1
BOTTOM OF THE 9TH
Johnson City Soilders batting - Pitching for Bluefield Grays : RHP Salvador Santiago
Now in CF: Eduardo Sanchez
Batting: RHB Willie Lopez 0-0: SINGLE (Line Drive, 89S, EV 97.5 MPH)
Batting: RHB Juan Pacho 0-0: Swinging Strike
0-1: SINGLE (Groundball, P, EV 89.4 MPH) (infield hit)
Willie Lopez to second
Pitching: LHP Franklin Angel
Pinch Hitting: SHB Kevin Walters 0-0: Ball
1-0: Called Strike
1-1: Ball
2-1: Called Strike
2-2: Foul Ball, location: 2F
2-2: Ball
3-2: Foul Ball, location: 2F
3-2: Fly out, F4 (Flyball, 34D, EV 83.8 MPH)
Batting: RHB Eugene Steinbach 0-0: Called Strike
0-1: TRIPLE (Flyball, 8RXD, EV 104.4 MPH)
Willie Lopez scores
Juan Pacho scores
Pinch Hitting: LHB Steve Moses 0-0: Called Strike
0-1: Ball
1-1: Ball
2-1: Ball
3-1: SINGLE (Groundball, 34D, EV 106.3 MPH)
Eugene Steinbach scores
Batting: RHB Rich Amaral 0-0: Foul Ball, location: 2F
0-1: Called Strike
0-2: Ball
1-2: Ball
2-2: SINGLE (Flyball, 7LM, EV 87.5 MPH)
Steve Moses to second
Pinch Hitting: RHB Phillip Arp 0-0: Ball
1-0: Ball
2-0: SINGLE (Line Drive, 8RS, EV 111.9 MPH)
Steve Moses to third
Rich Amaral to second
Runner from 3rd tries for Home, SAFE, throw by CF to home
Bottom of the 9th over - 4 runs, 6 hits, 0 errors, 0 left on base; Bluefield 4 - Johnson City 5
Friday, August 7th, 2020 - OOTP Baseball 21.5 Build 76